 Dungeon Crawl Stone Soup version 0.19.1 (webtiles) character file.

105 CanadianGator the Insei (level 4, -9/35 HPs)
             Began as a Demonspawn Monk on Dec 12, 2016.
             Killed from afar by a white imp (13 damage)
             ... with a puff of frost
             ... summoned by Natasha
             ... on level 3 of the Dungeon.
             The game lasted 00:05:53 (1926 turns).

CanadianGator the Insei (Demonspawn Monk)           Turns: 1926, Time: 00:05:53

Health: -9/35      AC:  6    Str: 16    XL:     4   Next: 53%
Magic:  0/4        EV: 16    Int: 11    God:
Gold:   71         SH:  0    Dex: 22    Spells: 0 memorised, 3 levels left

rFire  . . .     SeeInvis .       - Unarmed
rCold  . . .     Gourm    .     o - +0 scale mail
rNeg   . . .     Faith    .     (no shield)
rPois  .         Spirit   +     (no helmet)
rElec  .         Reflect  .     (no cloak)
rCorr  .         Harm     .     (no gloves)
MR     .....                    (no boots)
Stlth  ++........               d - amulet of guardian spirit
                                (no ring)
                                (no ring)

@: mighty, agile, slowed, very slow
A: rot immunity
a: no special abilities


You were on level 3 of the Dungeon.
You were very hungry.

You visited 1 branch of the dungeon, and saw 3 of its levels.

You collected 71 gold pieces.

Inventory:

Armour
 a - a +0 robe
 k - a +0 ring mail
 o - a +0 scale mail (worn)
Jewellery
 d - an amulet of guardian spirit (around neck)
Scrolls
 f - a scroll of noise {unknown}
 h - a scroll of enchant armour {unknown}
 i - a scroll of amnesia {unknown}
 j - a scroll of recharging {unknown}
 q - 2 scrolls of identify {unknown}
 r - a scroll of remove curse {unknown}
Potions
 e - a potion of cure mutation {unknown}
Comestibles
 b - 2 bread rations
 m - a royal jelly
 n - a meat ration


   Skills:
 + Level 3.3 Fighting
 + Level 0.8 Throwing
 + Level 1.1 Armour
 + Level 3.1 Dodging
 + Level 2.3 Stealth
 * Level 3.6 Unarmed Combat


You had 3 spell levels left.
You didn't know any spells.

Dungeon Overview and Level Annotations

Branches:
Dungeon (3/15)

Altars:
Dithmenos

Annotations:
D:3 Natasha


Innate Abilities, Weirdness & Mutations

You are immune to rotting.


Message History

The puff of frost hits you!
The shadow imp shouts, "Turn tail, thou artless tardy-gaited canker-blossom!"
The shadow imp hits you. Natasha barely misses you.
The white imp hits you but does no damage.
The shadow imp puffs mist at you. The shadow imp closely misses you.
You hit Natasha but do no damage.
Natasha is moderately wounded.
Natasha completely misses you. The white imp gestures at you.
The puff of frost hits you! The shadow imp gestures at you.
Pain shoots through your body!
* * * LOW HITPOINT WARNING * * *
Natasha barely misses you.
It was a potion of might.
You feel very mighty all of a sudden. The white imp gestures at you.
The puff of frost hits you!
You die...

# #. ######
#..#######.>.$..
#.......(....###
#..##<.)@5......
#....#.5.h#.....
#..#...#(.......
#. ##.###.......
# #. ..#.... ..
..#.... ### #(#
### .#


You could see Natasha, a white imp and a shadow imp.

Vanquished Creatures
  Ijyb (D:2)
  3 gnolls (D:2)
  An adder (D:2)
  An ooze (D:2)
  A leopard gecko (D:2)
  An orc (D:3)
  2 bats
  A giant cockroach (D:1)
  3 goblins
  6 hobgoblins
  3 jackals (D:1)
  3 ball pythons
  3 frilled lizards
  2 kobolds
  6 rats
37 creatures vanquished.

Notes
Turn   | Place    | Note
-------+----------+-------------------------------------------
     0 | D:1      | CanadianGator the Demonspawn Monk began the quest for the Orb.
     0 | D:1      | Reached XP level 1. HP: 18/18 MP: 1/1
   179 | D:1      | Gained mutation: You are immune to rotting. [demonic ancestry]
   179 | D:1      | Reached XP level 2. HP: 10/24 MP: 2/2
   481 | D:1      | Reached skill level 1 in Armour
   792 | D:2      | Noticed Ijyb
   808 | D:2      | Killed Ijyb
   808 | D:2      | Reached XP level 3. HP: 21/29 MP: 1/3
  1312 | D:2      | Reached XP level 4. HP: 34/35 MP: 2/4
  1834 | D:2      | Found a faded altar of an unknown god.
  1834 | D:2      | Found a shadowy altar of Dithmenos.
  1839 | D:2      | Found a faded altar of an unknown god.
  1845 | D:2      | Found a faded altar of an unknown god.
  1846 | D:2      | Found a faded altar of an unknown god.
  1910 | D:3      | Noticed Natasha
  1926 | D:3      | Killed from afar by a white imp

Skill      XL: |  1  2  3 |
---------------+----------+-----
Unarmed Combat | 3 |  3.6
Armour         | 1 |  1.1
Stealth        | 2 |  2.3
Dodging        | 3 |  3.1
Fighting       | |  3.3
Throwing       | |  0.8

Action                   |  1- 3 |  4- 6 || total
-------------------------+-------+-------++-------
Melee: Unarmed           |    75 |    50 ||   125
       Punch             |     1 |     1 ||     2
Throw: Javelin           |    36 |     7 ||    43
  Use: Potion            |       |     4 ||     4
 Stab: Sleeping          |     1 |       ||     1
  Eat: Chunk             |     1 |     1 ||     2
Armor: Robe              |     7 |       ||     7
       Ring mail         |     3 |       ||     3
       Scale mail        |    21 |    14 ||    35
Dodge: Dodged            |    43 |    40 ||    83
